[Event "GambitGuide"]
[Site "Internet Chess Club"]
[Date "2014.10.30"]
[Round "1"]
[White "JSBach"]
[Black "kingsac"]
[Result "1-0"]
[ICCResult "Black resigns"]
[WhiteElo "1668"]
[BlackElo "1964"]
[Opening "Vienna: `Frankenstein-Dracula' variation"]
[ECO "C27"]
[NIC "VG.02"]
[Time "22:52:44"]
[TimeControl "120+12"]

1. e4 e5 2. Nc3 Nf6 3. Bc4 Nxe4 4. Qh5 Nd6 5. Bb3 Nc6 6. Nb5 g6 7. Qf3 f5 8.
Qd5 Qe7 9. Nxc7+ Kd8 10. Nxa8 b6 11. Ba4 Ba6 12. Bxc6 dxc6 13. Qb3 Qb7 14.
Qe6 Nf7 15. d3 Bg7 16. Bd2 Re8 17. Qb3 c5 18. Nf3 Qxa8 19. Qxf7 {Black
resigns} 1-0

[Event "GambitGuide"]
[Site "Internet Chess Club"]
[Date "2014.10.30"]
[Round "1"]
[White "JSBach"]
[Black "captain"]
[Result "1-0"]
[ICCResult "Black resigns"]
[WhiteElo "1668"]
[BlackElo "1146"]
[Opening "Vienna: `Frankenstein-Dracula' variation"]
[ECO "C27"]
[NIC "VG.02"]
[Time "22:52:32"]
[TimeControl "120+12"]

1. e4 e5 2. Nc3 Nf6 3. Bc4 Nxe4 4. Qh5 Nd6 5. Bb3 Nc6 6. Nb5 g6 7. Qf3 f5 8.
Qd5 Qe7 9. Nxc7+ Kd8 10. Nxa8 b6 11. Ba4 Bb7 12. Nxb6 axb6 13. Qb3 b5 14.
Nf3 bxa4 15. Qxa4 Nd4 16. Nxd4 exd4+ 17. Kf1 Bg7 18. b4 Bc6 19. Qa5+ Ke8 20.
Qc5 Ne4 21. Qxe7+ Kxe7 22. a4 Bh6 23. b5 Bb7 24. f3 Nc5 25. Ke2 d5 26. Bb2
Bg7 27. Rhe1 Kd6 28. Kd1 d3 29. Bxg7 dxc2+ 30. Kxc2 Rc8 31. Be5+ Kd7 32. a5
Na6+ 33. Kd1 Nb4 34. a6 Bxa6 35. bxa6 {Black resigns} 1-0

[Event "GambitGuide"]
[Site "Internet Chess Club"]
[Date "2014.10.30"]
[Round "1"]
[White "JSBach"]
[Black "Ernie1"]
[Result "1-0"]
[ICCResult "Black resigns"]
[WhiteElo "1668"]
[BlackElo "1381"]
[Opening "Vienna: `Frankenstein-Dracula' variation"]
[ECO "C27"]
[NIC "VG.02"]
[Time "22:53:20"]
[TimeControl "120+12"]

1. e4 e5 2. Nc3 Nf6 3. Bc4 Nxe4 4. Qh5 Nd6 5. Bb3 Nc6 6. Nb5 g6 7. Qf3 f5 8.
Qd5 Qe7 9. Nxc7+ Kd8 10. Nxa8 b6 11. Ba4 Bb7 12. Nxb6 axb6 13. Qb3 Kc7 14.
Ne2 Qg5 15. O-O f4 16. Re1 Na7 17. Qh3 f3 18. Qxd7+ Kb8 19. Ng3 fxg2 20. d4
h5 21. Bxg5 {Black resigns} 1-0

[Event "GambitGuide"]
[Site "Internet Chess Club"]
[Date "2014.10.30"]
[Round "1"]
[White "JSBach"]
[Black "teddy801"]
[Result "1-0"]
[ICCResult "Black resigns"]
[WhiteElo "1668"]
[BlackElo "1043"]
[Opening "Vienna: `Frankenstein-Dracula' variation"]
[ECO "C27"]
[NIC "VG.02"]
[Time "22:53:31"]
[TimeControl "120+12"]

1. e4 e5 2. Nc3 Nf6 3. Bc4 Nxe4 4. Qh5 Nd6 5. Bb3 Nc6 6. Nb5 g6 7. Qf3 f5 8.
Qd5 Qe7 9. Nxc7+ Kd8 10. Nxa8 b6 11. Ba4 Bb7 12. Nxb6 axb6 13. Qb3 Nd4 14.
Qxb6+ Ke8 15. Kf1 Kf7 16. c3 Nc6 17. d4 Qe6 18. Bb3 Nc4 19. Qxb7 {Black
resigns} 1-0

[Event "GambitGuide"]
[Site "Internet Chess Club"]
[Date "2014.10.30"]
[Round "1"]
[White "JSBach"]
[Black "captain"]
[Result "1-0"]
[ICCResult "Black resigns"]
[WhiteElo "1668"]
[BlackElo "1146"]
[Opening "Vienna: `Frankenstein-Dracula' variation"]
[ECO "C27"]
[NIC "VG.02"]
[Time "22:53:59"]
[TimeControl "120+12"]

1. e4 e5 2. Nc3 Nf6 3. Bc4 Nxe4 4. Qh5 Nd6 5. Bb3 Nc6 6. Nb5 g6 7. Qf3 f5 8.
Qd5 Qe7 9. Nxc7+ Kd8 10. Nxa8 b6 11. Ba4 Bb7 12. Nxb6 axb6 13. Qb3 b5 14.
Nf3 bxa4 15. Qxa4 Nd4 16. Nxd4 exd4+ 17. Kf1 Bg7 18. d3 Re8 19. Qa5+ Kc8 20.
Bf4 Qe2+ 21. Kg1 Be5 22. Re1 Qxc2 23. Rc1 Bxf4 24. Rxc2+ Kb8 25. Rc7 Re5 26.
Rc5 Rxc5 27. Qxc5 {Black resigns} 1-0

[Event "GambitGuide"]
[Site "Internet Chess Club"]
[Date "2014.10.30"]
[Round "1"]
[White "JSBach"]
[Black "Ernie1"]
[Result "1-0"]
[ICCResult "Black resigns"]
[WhiteElo "1668"]
[BlackElo "1381"]
[Opening "Vienna: `Frankenstein-Dracula' variation"]
[ECO "C27"]
[NIC "VG.02"]
[Time "22:54:21"]
[TimeControl "120+12"]

1. e4 e5 2. Nc3 Nf6 3. Bc4 Nxe4 4. Qh5 Nd6 5. Bb3 Nc6 6. Nb5 g6 7. Qf3 f5 8.
Qd5 Qe7 9. Nxc7+ Kd8 10. Nxa8 b6 11. Ba4 Bb7 12. Nxb6 axb6 13. Qb3 Kc7 14.
Ne2 Na5 15. Qg3 Ne4 16. Qh3 Qc5 17. O-O Bd6 18. d3 Ng5 19. Bxg5 e4 20. Rae1
h6 21. Bxh6 Bf8 22. Bf4+ d6 23. Qxh8 e3 24. Qxf8 Qd5 25. Qe7+ Kb8 26. Qxd6+
Ka7 27. Qxg6 {Black resigns} 1-0

[Event "GambitGuide"]
[Site "Internet Chess Club"]
[Date "2014.10.30"]
[Round "1"]
[White "JSBach"]
[Black "Ernie1"]
[Result "1-0"]
[ICCResult "Black resigns"]
[WhiteElo "1668"]
[BlackElo "1381"]
[Opening "Vienna: `Frankenstein-Dracula' variation"]
[ECO "C27"]
[NIC "VG.02"]
[Time "22:56:03"]
[TimeControl "120+12"]

1. e4 e5 2. Nc3 Nf6 3. Bc4 Nxe4 4. Qh5 Nd6 5. Bb3 Nc6 6. Nb5 g6 7. Qf3 f5 8.
Qd5 Qe7 9. Nxc7+ Kd8 10. Nxa8 b6 11. Ba4 Qg5 12. d3 Bb7 13. Bxg5+
{Black resigns}
1-0

[Event "GambitGuide"]
[Site "Internet Chess Club"]
[Date "2014.10.30"]
[Round "1"]
[White "JSBach"]
[Black "kingsac"]
[Result "1-0"]
[ICCResult "Black resigns"]
[WhiteElo "1668"]
[BlackElo "1964"]
[Opening "Vienna: `Frankenstein-Dracula' variation"]
[ECO "C27"]
[NIC "VG.02"]
[Time "22:53:19"]
[TimeControl "120+12"]

1. e4 e5 2. Nc3 Nf6 3. Bc4 Nxe4 4. Qh5 Nd6 5. Bb3 Nc6 6. Nb5 g6 7. Qf3 f5 8.
Qd5 Qe7 9. Nxc7+ Kd8 10. Nxa8 b6 11. Ba4 Ba6 12. Bxc6 dxc6 13. Qb3 Qb7 14.
Qe6 Nf7 15. Rb1 Bg7 16. Qb3 c5 17. Qf3 Qxf3 18. Nxf3 Bb7 19. Nxb6 axb6 20.
Ke2 e4 21. Ng1 Ne5 22. b3 Nc6 23. Bb2 Bxb2 24. Rxb2 Kc7 25. Ke3 Kd6 26. a4
Ke5 27. Ne2 g5 28. Nc3 f4+ 29. Ke2 Nd4+ 30. Kd1 Rd8 31. h4 g4 32. Re1 Kf5
33. b4 e3 34. fxe3 fxe3 35. bxc5 exd2 36. Re7 Bxg2 37. Rf7+ Kg6 38. Rf2 Bf3+
39. Kxd2 bxc5 40. Kc1 h5 41. Rb6+ Kf5 42. a5 Kf4 43. Na4 Kg3 44. Rf1 Ne2+
45. Kb1 Kxh4 46. Nxc5 Nc3+ 47. Kb2 Nd5 48. Rb3 Rc8 49. Ne6 Rc6 50. Nd4 Rf6
51. Nxf3+ gxf3 52. c4 Ne7 53. Rbxf3 Rxf3 54. Rxf3 Kg4 55. a6 Nc6 56. Rf6 Na7
57. Rf7 Nc6 58. a7 Nxa7 59. Rxa7 h4 60. Rh7 h3 61. c5 Kg3 62. c6 Kg2 63. c7
h2 64. c8=Q h1=Q 65. Qc2+ Kg3 66. Rxh1 {Black resigns} 1-0

[Event "GambitGuide"]
[Site "Internet Chess Club"]
[Date "2014.10.30"]
[Round "1"]
[White "JSBach"]
[Black "captain"]
[Result "1-0"]
[ICCResult "Black resigns"]
[WhiteElo "1668"]
[BlackElo "1146"]
[Opening "Vienna: `Frankenstein-Dracula' variation"]
[ECO "C27"]
[NIC "VG.02"]
[Time "22:55:33"]
[TimeControl "120+12"]

1. e4 e5 2. Nc3 Nf6 3. Bc4 Nxe4 4. Qh5 Nd6 5. Bb3 Nc6 6. Nb5 g6 7. Qf3 f5 8.
Qd5 Qe7 9. Nxc7+ Kd8 10. Nxa8 b6 11. Ba4 Bb7 12. Nxb6 axb6 13. Qb3 b5 14.
Nf3 bxa4 15. Qxa4 Nd4 16. Nxd4 exd4+ 17. Kf1 Bg7 18. b4 Bc6 19. Qa5+ Ke8 20.
d3 Nb5 21. Bf4 Kf7 22. Re1 Qd8 23. Qxd8 Rxd8 24. a4 Nc3 25. a5 Bb5 26. Bg5
Re8 27. Rxe8 Kxe8 28. Bc1 Ke7 29. Bg5+ Ke6 30. Bc1 d5 31. Ke1 h6 32. f3 g5
33. h4 f4 34. Bb2 Ke5 35. hxg5 hxg5 36. Kd2 Na4 37. Ba1 Nc3 38. Bxc3 dxc3+
39. Kxc3 d4+ 40. Kb2 Kf5 41. Re1 Bf6 42. Ka3 g4 43. fxg4+ Kxg4 44. Re4 Kf5
45. Kb3 Bc6 46. Re2 f3 47. gxf3 Bxf3 48. Rf2 Kf4 49. a6 Kg4 50. Rxf3 Kxf3
51. a7 {Black resigns} 1-0

[Event "GambitGuide"]
[Site "Internet Chess Club"]
[Date "2014.10.30"]
[Round "1"]
[White "JSBach"]
[Black "kingsac"]
[Result "1-0"]
[ICCResult "Black checkmated"]
[WhiteElo "1668"]
[BlackElo "1964"]
[Opening "Vienna: `Frankenstein-Dracula' variation"]
[ECO "C27"]
[NIC "VG.02"]
[Time "22:56:30"]
[TimeControl "120+12"]

1. e4 e5 2. Nc3 Nf6 3. Bc4 Nxe4 4. Qh5 Nd6 5. Bb3 Nc6 6. Nb5 g6 7. Qf3 f5 8.
Qd5 Qe7 9. Nxc7+ Kd8 10. Nxa8 b6 11. Ba4 Bb7 12. Nxb6 axb6 13. Qb3 b5 14.
Ne2 Ba6 15. Qd3 e4 16. Qe3 bxa4 17. Qb6+ Ke8 18. Qxa6 Bg7 19. Qxa4 Kf7 20.
d4 exd3 21. Qb3+ Qe6 22. Qxe6+ dxe6 23. cxd3 e5 24. a4 e4 25. dxe4 Nxe4 26.
f3 Nc5 27. Ra3 Rd8 28. O-O Nd4 29. Kf2 Nxe2 30. Kxe2 Ra8 31. a5 Nb7 32. b4
Bf8 33. a6 Nd8 34. Ra4 Nc6 35. b5 Ne5 36. b6 Bc5 37. Be3 Bxe3 38. Kxe3 Nd7
39. Rb1 Nxb6 40. Rxb6 Rxa6 41. Rb7+ Kf6 42. Rxa6+ Kg5 43. Rxh7 f4+ 44. Kd3
Kf5 45. h4 g5 46. Rh5 Ke5 47. Rxg5# {Black checkmated} 1-0

[Event "GambitGuide"]
[Site "Internet Chess Club"]
[Date "2014.10.30"]
[Round "1"]
[White "JSBach"]
[Black "Shadowbane"]
[Result "0-1"]
[ICCResult "White checkmated"]
[WhiteElo "1668"]
[BlackElo "1850"]
[Opening "Vienna: `Frankenstein-Dracula' variation"]
[ECO "C27"]
[NIC "VG.02"]
[Time "22:57:08"]
[TimeControl "120+12"]

1. e4 e5 2. Nc3 Nf6 3. Bc4 Nxe4 4. Qh5 Nd6 5. Bb3 Nc6 6. Nb5 g6 7. Qf3 f5 8.
Qd5 Qe7 9. Nxc7+ Kd8 10. Nxa8 b6 11. Ba4 Bb7 12. Nxb6 axb6 13. Qb3 Kc7 14.
Ne2 Nd4 15. Nxd4 exd4+ 16. Kf1 Bh6 17. Qb4 Re8 18. Qxd6+ Qxd6 19. a3 d3 20.
c4 Qf4 21. Bb5 Qe5 22. Rb1 Qe1# {White checkmated} 0-1

[Event "GambitGuide"]
[Site "Internet Chess Club"]
[Date "2014.10.30"]
[Round "1"]
[White "JSBach"]
[Black "Ernie1"]
[Result "1-0"]
[ICCResult "Black resigns"]
[WhiteElo "1668"]
[BlackElo "1381"]
[Opening "Vienna: `Frankenstein-Dracula' variation"]
[ECO "C27"]
[NIC "VG.02"]
[Time "22:56:25"]
[TimeControl "120+12"]

1. e4 e5 2. Nc3 Nf6 3. Bc4 Nxe4 4. Qh5 Nd6 5. Bb3 Nc6 6. Nb5 g6 7. Qf3 f5 8.
Qd5 Qe7 9. Nxc7+ Kd8 10. Nxa8 b6 11. Ba4 Bb7 12. Nxb6 axb6 13. Qb3 Kc7 14.
Ne2 Qg5 15. O-O Nd4 16. Qc3+ Kb8 17. Qh3 Nf3+ 18. Kh1 Nh4 19. f3 e4 20. Bxd7
exf3 21. gxf3 Ne4 22. Nd4 Bc5 23. d3 f4 24. fxe4 Bxd4 25. Bxf4+ {Black
resigns} 1-0

[Event "GambitGuide"]
[Site "Internet Chess Club"]
[Date "2014.10.30"]
[Round "1"]
[White "JSBach"]
[Black "Shadowbane"]
[Result "0-1"]
[ICCResult "White checkmated"]
[WhiteElo "1668"]
[BlackElo "1850"]
[Opening "Vienna: `Frankenstein-Dracula' variation"]
[ECO "C27"]
[NIC "VG.02"]
[Time "22:58:49"]
[TimeControl "120+12"]

1. e4 e5 2. Nc3 Nf6 3. Bc4 Nxe4 4. Qh5 Nd6 5. Bb3 Nc6 6. Nb5 g6 7. Qf3 f5 8.
Qd5 Qe7 9. Nxc7+ Kd8 10. Nxa8 b6 11. Ba4 Bb7 12. Nxb6 axb6 13. Qb3 Kc7 14.
Ne2 Nd4 15. Nxd4 exd4+ 16. Kf1 Bh6 17. Qb4 Re8 18. Qxd6+ Qxd6 19. Bb3 Qe5
20. Be6 Rxe6 21. a3 Qe1# {White checkmated} 0-1

[Event "GambitGuide"]
[Site "Internet Chess Club"]
[Date "2014.10.30"]
[Round "1"]
[White "JSBach"]
[Black "kingsac"]
[Result "1-0"]
[ICCResult "Black checkmated"]
[WhiteElo "1668"]
[BlackElo "1964"]
[Opening "Vienna: `Frankenstein-Dracula' variation"]
[ECO "C27"]
[NIC "VG.02"]
[Time "22:58:35"]
[TimeControl "120+12"]

1. e4 e5 2. Nc3 Nf6 3. Bc4 Nxe4 4. Qh5 Nd6 5. Bb3 Nc6 6. Nb5 g6 7. Qf3 f5 8.
Qd5 Qe7 9. Nxc7+ Kd8 10. Nxa8 b6 11. Ba4 Ba6 12. Bxc6 dxc6 13. Qb3 Qb7 14.
Qe6 Nf7 15. d3 Bg7 16. Qb3 Re8 17. f3 Nd6 18. Bg5+ Kc8 19. Qa4 Bb5 20. Qa3
Bf8 21. c4 Ba6 22. Qa4 b5 23. Qa5 bxc4 24. Nc7 Qxc7 25. Qxa6+ Kd7 26. dxc4
Rb8 27. O-O-O Rb6 28. Qa5 Kc8 29. c5 Nc4 30. cxb6 axb6 31. Qa8+ Qb8 32. Rd8+
Kc7 33. Qxb8# {Black checkmated} 1-0

[Event "GambitGuide"]
[Site "Internet Chess Club"]
[Date "2014.10.30"]
[Round "1"]
[White "JSBach"]
[Black "kingsac"]
[Result "1-0"]
[ICCResult "Black resigns"]
[WhiteElo "1668"]
[BlackElo "1964"]
[Opening "Vienna: `Frankenstein-Dracula' variation"]
[ECO "C27"]
[NIC "VG.02"]
[Time "23:00:17"]
[TimeControl "120+12"]

1. e4 e5 2. Nc3 Nf6 3. Bc4 Nxe4 4. Qh5 Nd6 5. Bb3 Nc6 6. Nb5 g6 7. Qf3 f5 8.
Qd5 Qe7 9. Nxc7+ Kd8 10. Nxa8 b6 11. Ba4 Ba6 12. Bxc6 dxc6 13. Qb3 Nf7 14.
Nxb6 axb6 15. Qxb6+ Qc7 16. Qxa6 {Black resigns} 1-0

[Event "GambitGuide"]
[Site "Internet Chess Club"]
[Date "2014.10.30"]
[Round "1"]
[White "JSBach"]
[Black "puffin"]
[Result "0-1"]
[ICCResult "White checkmated"]
[WhiteElo "1668"]
[BlackElo "1949"]
[Opening "Vienna: `Frankenstein-Dracula' variation"]
[ECO "C27"]
[NIC "VG.02"]
[Time "22:57:40"]
[TimeControl "120+12"]

1. e4 e5 2. Nc3 Nf6 3. Bc4 Nxe4 4. Qh5 Nd6 5. Bb3 Nc6 6. Nb5 g6 7. Qf3 f5 8.
Qd5 Qe7 9. Nxc7+ Kd8 10. Nxa8 b6 11. Ba4 Bb7 12. Nxb6 axb6 13. Qb3 Kc7 14.
Ne2 Nd4 15. Nxd4 exd4+ 16. Kf1 Bg7 17. a3 Re8 18. Qe3 dxe3 19. dxe3 Qe4 20.
Ke1 Qxa4 21. c3 Bxg2 22. Rg1 Bf3 23. Bd2 Nc4 24. Rg3 Nxd2 25. Kxd2 Be4 26.
Rd1 Qc2+ 27. Ke1 Bd3 28. Rd2 Qc1+ 29. Rd1 Qxb2 30. Rxd3 Qa1+ 31. Ke2 Qxa3
32. Rh3 h6 33. Rg3 g5 34. h4 f4 35. Rg1 fxe3 36. fxe3 Qa2+ 37. Ke1 Qa1+ 38.
Kf2 Qb2+ 39. Kf3 Rf8+ 40. Ke4 Re8+ 41. Kf3 Qb5 42. Ke2 Bxc3 43. Rc1 Kb7 44.
Rxc3 gxh4 45. Ke1 h3 46. Rb3 Qa5+ 47. Kf2 h2 48. Kg2 Qe5 49. Rxd7+ Kc6 50.
Rd1 Rg8+ 51. Kf2 Qg3+ 52. Ke2 h1=Q 53. Rc3+ Kb7 54. Rxh1 Qg2+ 55. Kd3 Qxh1
56. Ke2 Rg2+ 57. Kd3 Qd1+ 58. Ke4 Qg4+ 59. Kd3 Qe2+ 60. Ke4 Rg4+ 61. Kf5
Qf3+ 62. Ke6 Qe4+ 63. Kd7 Rg7+ 64. Kd6 Rg6+ 65. Kd7 Qe6+ 66. Kd8 Rg8#
{White checkmated}
0-1

[Event "GambitGuide"]
[Site "Internet Chess Club"]
[Date "2014.10.30"]
[Round "1"]
[White "JSBach"]
[Black "kingsac"]
[Result "1-0"]
[ICCResult "Black resigns"]
[WhiteElo "1668"]
[BlackElo "1964"]
[Opening "Vienna: `Frankenstein-Dracula' variation"]
[ECO "C27"]
[NIC "VG.02"]
[Time "23:00:37"]
[TimeControl "120+12"]

1. e4 e5 2. Nc3 Nf6 3. Bc4 Nxe4 4. Qh5 Nd6 5. Bb3 Nc6 6. Nb5 g6 7. Qf3 f5 8.
Qd5 Qe7 9. Nxc7+ Kd8 10. Nxa8 b6 11. Ba4 Ba6 12. Bxc6 dxc6 13. Qb3 Qb7 14.
Qe6 Nf7 15. Nf3 Bg7 16. d3 Re8 17. Qb3 e4 18. dxe4 Rxe4+ 19. Be3 Rxe3+ 20.
fxe3 c5 21. O-O-O+ Ke8 22. Qe6+ Kf8 23. Rd7 {Black resigns} 1-0

[Event "GambitGuide"]
[Site "Internet Chess Club"]
[Date "2014.10.30"]
[Round "1"]
[White "JSBach"]
[Black "Masteroforanges"]
[Result "1-0"]
[ICCResult "Black checkmated"]
[WhiteElo "1668"]
[BlackElo "1400"]
[Opening "Vienna: `Frankenstein-Dracula' variation"]
[ECO "C27"]
[NIC "VG.02"]
[Time "23:00:44"]
[TimeControl "120+12"]

1. e4 e5 2. Nc3 Nf6 3. Bc4 Nxe4 4. Qh5 Nd6 5. Bb3 Nc6 6. Nb5 g6 7. Qf3 f5 8.
Qd5 Qe7 9. Nxc7+ Kd8 10. Nxa8 b6 11. Ba4 Bb7 12. Nxb6 Kc7 13. Nc4 g5 14. Bb3
h5 15. Nf3 Qe6 16. Qxe6 dxe6 17. Nxg5 Rg8 18. Nxe6+ Kd7 19. Nc5+ Ke7 20.
Nxd6 Kxd6 21. Nxb7+ Kc7 22. Bxg8 Kxb7 23. Bd5 Kb6 24. d3 Nb4 25. Bb3 e4 26.
d4 Bg7 27. d5 Bf8 28. a3 Na6 29. c4 f4 30. Bxf4 e3 31. fxe3 Nc7 32. Bd1 Ne8
33. Bxh5 Nf6 34. Bg6 Ne4 35. Bxe4 Bh6 36. Bxh6 Kc7 37. c5 Kb7 38. h4 Kc8 39.
c6 a5 40. d6 a4 41. Bf5+ Kb8 42. c7+ Kb7 43. c8=Q+ Kb6 44. Qc7+ Ka6 45. Bd3#
{Black checkmated}
1-0

[Event "GambitGuide"]
[Site "Internet Chess Club"]
[Date "2014.10.30"]
[Round "1"]
[White "JSBach"]
[Black "kingsac"]
[Result "1-0"]
[ICCResult "Black resigns"]
[WhiteElo "1668"]
[BlackElo "1964"]
[Opening "Vienna: `Frankenstein-Dracula' variation"]
[ECO "C27"]
[NIC "VG.02"]
[Time "23:01:25"]
[TimeControl "120+12"]

1. e4 e5 2. Nc3 Nf6 3. Bc4 Nxe4 4. Qh5 Nd6 5. Bb3 Nc6 6. Nb5 g6 7. Qf3 f5 8.
Qd5 Qe7 9. Nxc7+ Kd8 10. Nxa8 b6 11. Ba4 Ba6 12. Bxc6 dxc6 13. Qb3 Qb7 14.
Qe6 Nf7 15. Nf3 Bg7 16. d3 Re8 17. Qb3 e4 18. dxe4 fxe4 19. Ng5 Nxg5 20.
Bxg5+ Kc8 21. Qa4 Bb5 22. Qb3 Bd4 23. c4 Ba6 24. O-O-O c5 25. Qa4 Rf8 26.
Be7 Rg8 27. b4 b5 28. cxb5 Bxb5 29. Qb3 c4 30. Qh3+ Bd7 31. Qxh7 Bb2+ 32.
Kxb2 {Black resigns} 1-0

[Event "GambitGuide"]
[Site "Internet Chess Club"]
[Date "2014.10.30"]
[Round "1"]
[White "JSBach"]
[Black "captain"]
[Result "1/2-1/2"]
[ICCResult "Game drawn because neither player has mating material"]
[WhiteElo "1668"]
[BlackElo "1146"]
[Opening "Vienna: `Frankenstein-Dracula' variation"]
[ECO "C27"]
[NIC "VG.02"]
[Time "22:58:17"]
[TimeControl "120+12"]

1. e4 e5 2. Nc3 Nf6 3. Bc4 Nxe4 4. Qh5 Nd6 5. Bb3 Nc6 6. Nb5 g6 7. Qf3 f5 8.
Qd5 Qe7 9. Nxc7+ Kd8 10. Nxa8 b6 11. Ba4 Bb7 12. Nxb6 axb6 13. Qb3 b5 14.
Nf3 bxa4 15. Qxa4 Nd4 16. Nxd4 exd4+ 17. Kf1 Bg7 18. d3 Bc6 19. Qa7 h6 20.
Qb8+ Nc8 21. Bf4 d6 22. Re1 Qc7 23. Qb3 Re8 24. Re6 Rxe6 25. Qxe6 g5 26. Bg3
f4 27. Bxf4 gxf4 28. Qg8+ Be8 29. Ke1 Qf7 30. Qxf7 Bxf7 31. a4 Kc7 32. b4
Kb7 33. b5 Kb6 34. Kd2 Ka5 35. Rb1 Nb6 36. Ra1 Bd5 37. f3 Nxa4 38. b6 Bb7
39. Ke2 Kb5 40. g3 fxg3 41. hxg3 Nxb6 42. Ra7 Kc6 43. Ke1 Be5 44. f4 Bf6 45.
Ra5 Nd5 46. Kf2 Bc8 47. Ra8 Bg4 48. Re8 h5 49. Re1 Nc3 50. Kg1 Nb5 51. Kf2
Nc7 52. Rb1 Nd5 53. Re1 Ne3 54. Rc1 h4 55. gxh4 Bxh4+ 56. Kg1 Bg3 57. c3
Bxf4 58. cxd4+ Kd5 59. Rc3 Kxd4 60. Rb3 Nd5 61. Kf2 Be3+ 62. Kf1 Bf5 63. Ke2
Bg4+ 64. Kf1 Nc3 65. Rb4+ Kxd3 66. Rxg4 d5 67. Rb4 d4 68. Rb7 Kd2 69. Rb2+
Kd3 70. Rg2 Ne4 71. Rg4 Nc5 72. Rg8 Kd2 73. Rg2+ Kc3 74. Ke2 Ne6 75. Rg8
Nf4+ 76. Kf3 Nd3 77. Rc8+ Kd2 78. Kg3 Ke2 79. Rc2+ Bd2 80. Kh4 Nb4 81. Rc4
Nd5 82. Rxd4 Nf4 83. Rxd2+ Kxd2
{Game drawn because neither player has mating material}
1/2-1/2

[Event "GambitGuide"]
[Site "Internet Chess Club"]
[Date "2014.10.30"]
[Round "1"]
[White "JSBach"]
[Black "kingsac"]
[Result "1-0"]
[ICCResult "Black resigns"]
[WhiteElo "1668"]
[BlackElo "1964"]
[Opening "Vienna: `Frankenstein-Dracula' variation"]
[ECO "C27"]
[NIC "VG.02"]
[Time "23:03:18"]
[TimeControl "120+12"]

1. e4 e5 2. Nc3 Nf6 3. Bc4 Nxe4 4. Qh5 Nd6 5. Bb3 Nc6 6. Nb5 g6 7. Qf3 f5 8.
Qd5 Qe7 9. Nxc7+ Kd8 10. Nxa8 b6 11. Ba4 Ba6 12. Bxc6 dxc6 13. Qb3 Qb7 14.
Qe6 Nf7 15. Nf3 Bg7 16. d3 Re8 17. Qb3 Nd6 18. Ng5 h6 19. Ne6+ Kc8 20. Nac7
{Black resigns}
1-0

[Event "GambitGuide"]
[Site "Internet Chess Club"]
[Date "2014.10.30"]
[Round "1"]
[White "JSBach"]
[Black "puffin"]
[Result "0-1"]
[ICCResult "White checkmated"]
[WhiteElo "1668"]
[BlackElo "1949"]
[Opening "Vienna: `Frankenstein-Dracula' variation"]
[ECO "C27"]
[NIC "VG.02"]
[Time "23:01:08"]
[TimeControl "120+12"]

1. e4 e5 2. Nc3 Nf6 3. Bc4 Nxe4 4. Qh5 Nd6 5. Bb3 Nc6 6. Nb5 g6 7. Qf3 f5 8.
Qd5 Qe7 9. Nxc7+ Kd8 10. Nxa8 b6 11. Ba4 Bb7 12. Nxb6 axb6 13. Qb3 Kc7 14.
Ne2 Nd4 15. Nxd4 exd4+ 16. Kf1 Bg7 17. d3 Re8 18. Be3 dxe3 19. Re1 e2+ 20.
Kg1 f4 21. Qb4 Qg5 22. g3 fxg3 23. hxg3 Qd5 24. Rh2 Bd4 25. c3 Bxf2+ 26.
Kxf2 Qf3+ 27. Kg1 Qxg3+ 28. Rg2 Qxe1+ 29. Kh2 Bxg2 30. Kxg2 Qf1+ 31. Kh2
e1=Q 32. Qxd6+ Kxd6 33. d4 Qh4# {White checkmated} 0-1

[Event "GambitGuide"]
[Site "Internet Chess Club"]
[Date "2014.10.30"]
[Round "1"]
[White "JSBach"]
[Black "puffin"]
[Result "0-1"]
[ICCResult "White checkmated"]
[WhiteElo "1668"]
[BlackElo "1949"]
[Opening "Vienna: `Frankenstein-Dracula' variation"]
[ECO "C27"]
[NIC "VG.02"]
[Time "23:03:58"]
[TimeControl "120+12"]

1. e4 e5 2. Nc3 Nf6 3. Bc4 Nxe4 4. Qh5 Nd6 5. Bb3 Nc6 6. Nb5 g6 7. Qf3 f5 8.
Qd5 Qe7 9. Nxc7+ Kd8 10. Nxa8 b6 11. Ba4 Bb7 12. Nxb6 axb6 13. Qb3 Kc7 14.
Ne2 Nd4 15. Nxd4 exd4+ 16. Kf1 Bg7 17. Qb4 Re8 18. Qxd6+ Kxd6 19. Bb5 Qe1#
{White checkmated}
0-1

[Event "GambitGuide"]
[Site "Internet Chess Club"]
[Date "2014.10.30"]
[Round "1"]
[White "JSBach"]
[Black "kingsac"]
[Result "1-0"]
[ICCResult "Black checkmated"]
[WhiteElo "1668"]
[BlackElo "1964"]
[Opening "Vienna: `Frankenstein-Dracula' variation"]
[ECO "C27"]
[NIC "VG.02"]
[Time "23:03:52"]
[TimeControl "120+12"]

1. e4 e5 2. Nc3 Nf6 3. Bc4 Nxe4 4. Qh5 Nd6 5. Bb3 Nc6 6. Nb5 g6 7. Qf3 f5 8.
Qd5 Qe7 9. Nxc7+ Kd8 10. Nxa8 b6 11. Ba4 Ba6 12. Bxc6 dxc6 13. Qb3 Qb7 14.
Qe6 Nf7 15. Nf3 Bg7 16. d3 Re8 17. Qb3 e4 18. dxe4 fxe4 19. Ng5 Nxg5 20.
Bxg5+ Kc8 21. Qa4 h6 22. Be3 c5 23. Qxe8# {Black checkmated} 1-0

[Event "GambitGuide"]
[Site "Internet Chess Club"]
[Date "2014.10.30"]
[Round "1"]
[White "JSBach"]
[Black "Masteroforanges"]
[Result "1-0"]
[ICCResult "Black resigns"]
[WhiteElo "1668"]
[BlackElo "1400"]
[Opening "Vienna: `Frankenstein-Dracula' variation"]
[ECO "C27"]
[NIC "VG.02"]
[Time "23:03:24"]
[TimeControl "120+12"]

1. e4 e5 2. Nc3 Nf6 3. Bc4 Nxe4 4. Qh5 Nd6 5. Bb3 Nc6 6. Nb5 g6 7. Qf3 f5 8.
Qd5 Qe7 9. Nxc7+ Kd8 10. Nxa8 b6 11. Ba4 Bb7 12. Nxb6 Kc7 13. Nc4 Nxc4 14.
Qxc4 g5 15. c3 h6 16. d3 Kb6 17. Be3+ Kc7 18. Bxc6 Bxc6 19. Bxa7 Qc5 20.
Bxc5 {Black resigns} 1-0

[Event "GambitGuide"]
[Site "Internet Chess Club"]
[Date "2014.10.30"]
[Round "1"]
[White "JSBach"]
[Black "raamkrissh"]
[Result "1-0"]
[ICCResult "Black resigns"]
[WhiteElo "1668"]
[BlackElo "1602"]
[Opening "Vienna: `Frankenstein-Dracula' variation"]
[ECO "C27"]
[NIC "VG.02"]
[Time "23:03:34"]
[TimeControl "120+12"]

1. e4 e5 2. Nc3 Nf6 3. Bc4 Nxe4 4. Qh5 Nd6 5. Bb3 Nc6 6. Nb5 g6 7. Qf3 f5 8.
Qd5 Qe7 9. Nxc7+ Kd8 10. Nxa8 b6 11. Ba4 Bb7 12. Nxb6 axb6 13. Qb3 Kc7 14.
Ne2 Ne4 15. Qb5 Qb4 16. a3 Qc5 17. O-O g5 18. d3 Qxb5 19. Bxb5 Nc5 20. Bxg5
Rg8 21. f4 exf4 22. Bxf4+ d6 23. Bc4 Rg4 24. b4 Nd7 25. h3 Rh4 26. Bg5
{Black resigns}
1-0

[Event "GambitGuide"]
[Site "Internet Chess Club"]
[Date "2014.10.30"]
[Round "1"]
[White "JSBach"]
[Black "captain"]
[Result "1-0"]
[ICCResult "Black resigns"]
[WhiteElo "1668"]
[BlackElo "1146"]
[Opening "Vienna: `Frankenstein-Dracula' variation"]
[ECO "C27"]
[NIC "VG.02"]
[Time "23:03:32"]
[TimeControl "120+12"]

1. e4 e5 2. Nc3 Nf6 3. Bc4 Nxe4 4. Qh5 Nd6 5. Bb3 Nc6 6. Nb5 g6 7. Qf3 f5 8.
Qd5 Qe7 9. Nxc7+ Kd8 10. Nxa8 b6 11. Ba4 Bb7 12. Nxb6 axb6 13. Qb3 b5 14.
Nf3 bxa4 15. Qxa4 Nd4 16. Nxd4 exd4+ 17. Kf1 Bg7 18. b4 Bc6 19. Qa5+ Ke8 20.
d3 Kf7 21. Bd2 Re8 22. Re1 Qd8 23. Qxd8 Rxd8 24. Bf4 Nb5 25. a4 Nc3 26. a5
Bb5 27. Bg5 Rf8 28. Re7+ Kg8 29. Bd2 Rf7 30. Rxf7 Kxf7 31. Ke1 h6 32. Rf1 g5
33. f4 g4 34. Kf2 h5 35. Re1 h4 36. g3 h3 37. Kf1 Bf6 38. Kf2 Be7 39. Re5
Bc6 40. Bxc3 dxc3 41. b5 Bf3 42. a6 Bd6 43. b6 Kf6 44. d4 Bb8 45. Re3 d5 46.
a7 Bxa7 47. bxa7 {Black resigns} 1-0